Map: Romanticide LE

Players

Zest

  • Race: Protoss Protoss
  • Spawn Location: 5:00

LiquidClem (Clem) - Winner!

  • Race: Terran Terran
  • Spawn Location: 11:00

VOD

Have the link to the VOD?

Description

Time

  • Played on: Jan. 12, 2021, 10:38 a.m.
  • Length: 19:44
Show
View Real Time Build Order
Export as new Build Order

Zest Protoss 

Build Orders: Phoenix Opening 

Get SALT Encoding   

  12  0:08  Pylon  
  12  0:13  Probe (Chrono Boost)  
  13  0:22  Probe (Chrono Boost)  
  14  0:29  Gateway  
  14  0:34  Probe  
  15  0:40  Assimilator  
  15  0:46  Probe  
  16  0:58  Probe  
  17  1:10  Probe  
  18  1:16  Cybernetics Core  
  18  1:22  Zealot, Probe  
  18  1:23  Pylon  
  21  1:28  Assimilator  
  21  1:34  Probe  
  22  1:42  Pylon  
  22  1:46  Probe  
  23  1:51  Adept (Chrono Boost)  
  23  1:55  Warp Gate  
  23  1:58  Probe  
  26  2:11  Probe  
  26  2:12  Adept (Chrono Boost)  
  29  2:26  Stargate  
  29  2:39  Nexus  
  29  2:43  Probe  
  30  2:48  Adept  
  32  2:56  Probe  
  33  3:06  Shield Battery  
  33  3:09  Phoenix (Chrono Boost)  
  33  3:11  Probe  
  36  3:25  Phoenix (Chrono Boost)  
  36  3:26  Pylon  
  38  3:29  Probe  
  39  3:44  Probe  
  40  3:49  Phoenix, Stalker  
  44  3:59  Probe  
  42  4:10  Probe  
  42  4:11  Probe  
  42  4:15  Phoenix  
  44  4:22  Probe  
  45  4:24  Adept  
  45  4:26  Probe  
  48  4:34  Probe (Chrono Boost)  
  48  4:38  Robotics Facility  
  49  4:44  Probe (Chrono Boost)  
  49  4:45  Shield Battery  
  51  4:46  Probe (Chrono Boost)  
  51  4:47  Sentry  
  51  4:50  Probe (Chrono Boost)  
  51  4:51  Probe (Chrono Boost)  
  55  5:00  Probe  
  55  5:06  Probe  
  57  5:15  Probe (Chrono Boost)  
  57  5:18  Pylon, Probe (Chrono Boost)  
  59  5:24  Gateway x2  
  59  5:25  Pylon  
  59  5:26  Observer  
  59  5:28  Probe x2 (Chrono Boost)  
  62  5:33  Assimilator  
  62  5:35  Probe  
  62  5:36  Assimilator  
  63  5:43  Robotics Bay, Probe  
  63  5:47  Probe  
  65  5:50  Pylon  
  65  5:52  Immortal (Chrono Boost)  
  69  5:57  Probe  
  69  6:03  Pylon  
  72  6:15  Stalker  
  72  6:16  Shield Battery  
  71  6:19  Sentry, Stalker  
  71  6:22  Shield Battery  
  73  6:32  Disruptor (Chrono Boost)  
  73  6:39  Shield Battery  
  72  6:42  Stalker x3  
  70  7:02  Colossus (Chrono Boost)  
  70  7:06  Zealot x2  
  70  7:07  Zealot  
  66  7:26  Extended Thermal Lance (Chrono Boost), Probe  
  66  7:27  Probe  
  66  7:34  Adept  
  66  7:35  Sentry, Adept  
  66  7:36  Nexus  
  72  7:40  Pylon  
  72  7:49  Observer  
  73  7:58  Stalker x2  
  73  7:59  Stalker  
  79  8:07  Forge  
  79  8:09  Pylon  
  80  8:16  Colossus  
  85  8:29  Probe x2 (Chrono Boost)  
  87  8:34  Pylon  
  87  8:35  Phoenix  
  87  8:36  Twilight Council  
  87  8:40  Protoss Ground Weapons Level 1  
  87  8:41  Probe (Chrono Boost)  
  89  8:46  Probe (Chrono Boost)  
  89  8:49  Assimilator, Probe (Chrono Boost)  
  89  8:51  Probe (Chrono Boost)  
  89  8:53  Assimilator  
  92  8:56  Probe (Chrono Boost)  
  92  9:00  Probe (Chrono Boost)  
  92  9:01  Probe (Chrono Boost)  
  92  9:02  Charge (Chrono Boost)  
  94  9:08  Probe x2 (Chrono Boost)  
  94  9:09  Gateway x2, Probe (Chrono Boost)  
  97  9:15  Probe  
  98  9:17  Colossus (Chrono Boost), Probe  
  98  9:19  Probe  
  106  9:27  Probe  
  106  9:29  Probe  
  108  9:37  Robotics Facility, Forge  
  108  9:39  Probe  
  109  9:46  Probe x2  
  111  10:01  Warp Prism (Chrono Boost)  
  113  10:07  Zealot x2  
  113  10:08  Zealot x3  
  113  10:10  Observer  
  123  10:17  Gateway, Pylon  
  123  10:18  Gateway  
  123  10:20  Pylon  
  123  10:21  Gateway  
  123  10:26  Templar Archives  
  119  10:33  Zealot  
  119  10:34  Zealot x4  
  129  10:39  Observer  
  131  10:49  Immortal (Chrono Boost)  
  131  10:55  Zealot x3  
  131  10:56  Zealot x2, Immortal (Chrono Boost)  
  137  11:10  Pylon  
  137  11:16  High Templar x6  
  149  11:21  Archon x3  
  149  11:28  Pylon  
  149  11:29  Pylon  
  145  11:32  Pylon  
  139  11:41  Zealot x2  
  139  11:45  Blink  
  131  11:49  Zealot x6  
  131  11:51  Protoss Ground Weapons Level 2 (Chrono Boost)  
  139  11:59  Protoss Ground Armor Level 1 (Chrono Boost)  
  139  12:01  Observer  
  139  12:03  Immortal (Chrono Boost)  
  139  12:05  High Templar x2  
  151  12:10  High Templar x4  
  151  12:13  Archon, Immortal (Chrono Boost), Observer  
  159  12:17  Archon  
  159  12:18  Archon  
  159  12:20  Nexus  
  159  12:24  Pylon  
  159  12:26  Pylon  
  159  12:36  Sentry  
  161  12:37  Sentry  
  161  12:39  Observer  
  161  12:41  Probe x2  
  161  12:42  Immortal (Chrono Boost)  
  165  12:48  Zealot x4  
  181  12:51  Immortal (Chrono Boost)  
  181  12:53  Zealot  
  183  13:04  Photon Cannon  
  182  13:22  Pylon  
  182  13:24  Pylon  
  182  13:25  Pylon  
  178  13:35  Observer  
  178  13:40  Zealot x6  
  178  13:41  Zealot x2  
  186  13:50  Protoss Ground Armor Level 2 (Chrono Boost)  
  184  13:58  Protoss Ground Weapons Level 3 (Chrono Boost)  
  184  14:00  Disruptor x2  
  190  14:06  Gateway  
  190  14:08  Gateway  
  190  14:09  Dark Shrine  
  173  14:36  Disruptor x2 (Chrono Boost)  
  175  14:43  Assimilator  
  175  14:46  Assimilator  
  175  14:47  Zealot x2  
  175  14:48  Zealot x6  
  191  15:05  Nexus  
  191  15:06  Robotics Facility  
  191  15:09  Disruptor (Chrono Boost)  
  191  15:11  Disruptor (Chrono Boost)  
  196  15:35  Disruptor (Chrono Boost)  
  197  15:54  Photon Cannon x2  
  197  15:55  Shield Battery  
  197  15:56  Shield Battery  
  197  16:00  Pylon  
  194  16:08  Protoss Ground Armor Level 3 (Chrono Boost)  
  194  16:09  Observer x2  
  196  16:17  Pylon  
  196  16:20  Stargate  
  196  16:21  Protoss Shields Level 1 (Chrono Boost)  
  196  16:22  Gateway  
  196  16:24  Gateway  
  196  16:27  Pylon  
  195  16:32  Zealot  
  195  16:33  Zealot x2  
  198  16:40  Stalker  
  200  16:54  Dark Templar  
  180  17:03  Dark Templar  
  180  17:06  Stalker  
  180  17:07  Zealot x7  
  191  17:30  Zealot x4  
  142  17:46  Zealot x6  
  142  17:51  Warp Prism, Disruptor  
  82  18:01  Disruptor  
  69  18:06  Stalker  
  69  18:07  Stalker x9  
  87  18:26  Disruptor  
  87  18:27  Disruptor  
  84  18:30  Zealot x2  
  84  18:31  Zealot x8  
  105  18:42  Disruptor  
  108  18:54  Probe x5  
  113  19:00  High Templar x2  
  113  19:01  High Templar x8  
  113  19:02  Disruptor  
  134  19:04  Archon  
  134  19:05  Archon x3  
  134  19:06  Archon  
  102  19:33  Zealot x2  
  102  19:34  Zealot x6  
Show
View Real Time Build Order
Export as new Build Order

LiquidClem Terran - Winner!

Build Orders: 1/1/1 

Get SALT Encoding   

  12  0:00  SCV  
  13  0:12  SCV  
  14  0:17  Supply Depot  
  14  0:24  SCV  
  15  0:29  Refinery  
  15  0:38  SCV  
  16  0:45  Barracks  
  16  0:50  SCV  
  17  1:03  SCV  
  18  1:11  Engineering Bay  
  18  1:15  SCV  
  20  1:33  Marine  
  20  1:34  Orbital Command  
  20  1:36  Factory  
  20  1:48  Supply Depot  
  20  1:52  Barracks Reactor  
  20  2:00  SCV  
  21  2:13  SCV  
  22  2:25  SCV  
  22  2:26  Command Center  
  22  2:28  Starport  
  23  2:34  Hellion  
  25  2:37  Hellion  
  25  2:43  Supply Depot  
  27  2:47  SCV  
  28  2:55  Hellion  
  30  3:01  SCV  
  30  3:05  Medivac, Hellion  
  35  3:09  Refinery  
  35  3:12  Barracks Tech Lab  
  35  3:16  SCV  
  36  3:28  SCV  
  37  3:35  Marine  
  37  3:36  Marine  
  37  3:40  SCV  
  40  3:42  Cyclone  
  43  3:48  Supply Depot  
  43  3:52  SCV  
  43  3:53  Marine x2  
  46  4:04  SCV  
  48  4:13  Marine x2  
  48  4:15  Orbital Command  
  48  4:16  SCV  
  46  4:17  Cyclone  
  47  4:28  SCV  
  44  4:32  Marine x2  
  44  4:36  Barracks  
  44  4:38  Barracks  
  46  4:40  SCV  
  46  4:41  SCV  
  48  4:49  Cyclone  
  48  4:51  Viking  
  54  4:52  SCV  
  54  4:53  SCV  
  54  4:54  Marine  
  54  4:55  Marine  
  54  4:59  Supply Depot  
  57  5:04  SCV  
  57  5:05  SCV  
  55  5:17  SCV x2, Marine x2  
  59  5:21  Supply Depot, Siege Tank  
  59  5:25  Marine x2  
  59  5:26  Viking  
  66  5:29  SCV x2  
  66  5:34  Supply Depot  
  66  5:35  Marine x2  
  70  5:43  SCV x2, Marine x2  
  70  5:44  Supply Depot  
  74  5:53  Marine x2  
  74  5:55  Siege Tank  
  74  5:56  Supply Depot  
  79  5:58  Viking  
  79  6:02  Supply Depot, Marine x2  
  83  6:04  SCV  
  83  6:05  SCV  
  85  6:12  Supply Depot, Marine x2  
  85  6:17  Engineering Bay  
  87  6:23  Marine  
  87  6:24  Marine  
  89  6:30  Marine  
  83  6:33  Marine  
  83  6:36  Siege Tank  
  83  6:37  Viking  
  86  6:40  Bunker  
  86  6:41  Marine  
  86  6:42  Bunker  
  86  6:45  Bunker, Marine  
  88  6:48  Marine  
  85  6:55  Marine  
  79  7:04  Marine  
  79  7:05  SCV x2  
  79  7:08  Viking  
  83  7:09  Siege Tank  
  83  7:12  Marine  
  83  7:15  Marine  
  79  7:18  SCV  
  79  7:22  SCV  
  68  7:25  Marine x2  
  62  7:30  Marine  
  62  7:32  Terran Infantry Weapons Level 1, Command Center  
  62  7:34  SCV  
  62  7:37  Refinery, SCV  
  65  7:43  Siege Tank  
  68  7:44  Marine  
  68  7:45  Marine  
  68  7:46  Barracks Tech Lab  
  68  7:48  SCV, Marine  
  72  7:52  SCV  
  72  7:54  Refinery  
  73  8:00  SCV  
  73  8:02  Marine  
  75  8:05  Stimpack, Marine  
  75  8:08  Marauder  
  75  8:10  Barracks Tech Lab  
  75  8:11  SCV  
  79  8:13  SCV  
  79  8:17  Supply Depot  
  80  8:20  Marine  
  80  8:23  Siege Tank, Marine  
  80  8:24  SCV  
  80  8:25  SCV  
  87  8:31  Barracks  
  87  8:32  Barracks  
  89  8:34  Marauder  
  89  8:36  Marauder  
  89  8:38  SCV  
  89  8:39  SCV  
  93  8:45  Marine x2  
  93  8:46  Combat Shield  
  93  8:48  Starport Reactor  
  95  8:50  SCV  
  95  8:55  SCV  
  97  9:00  Orbital Command  
  97  9:02  SCV  
  98  9:04  Siege Tank  
  98  9:05  Marine  
  98  9:08  Marauder  
  98  9:09  Marauder, Marine  
  106  9:14  SCV x2  
  109  9:20  Barracks Reactor, Barracks Tech Lab  
  109  9:23  Missile Turret, Marine  
  110  9:27  Marine  
  110  9:28  Medivac x2  
  110  9:29  Marauder  
  110  9:30  Marauder  
  110  9:31  Supply Depot  
  119  9:40  Marauder  
  119  9:41  Marine  
  119  9:42  Supply Depot, Siege Tank  
  119  9:43  SCV  
  119  9:44  SCV x2  
  119  9:45  Marine  
  128  9:49  Supply Depot  
  128  9:50  Concussive Shells  
  129  9:53  Marauder x2  
  129  9:57  Marine x2  
  129  9:59  Marine  
  136  10:01  Marauder  
  136  10:02  Supply Depot  
  136  10:03  Terran Infantry Armor Level 1, Marine  
  136  10:06  SCV x2  
  141  10:07  Refinery  
  141  10:11  Supply Depot  
  141  10:13  Medivac  
  141  10:14  Marine  
  143  10:15  Marine  
  143  10:16  Marauder  
  143  10:17  Marine  
  143  10:21  Marine  
  148  10:22  Marauder  
  148  10:24  Marine  
  142  10:32  Marauder  
  142  10:34  Siege Tank, Marine  
  148  10:37  Marauder  
  148  10:39  Marine x2  
  148  10:40  Supply Depot  
  148  10:41  Supply Depot  
  148  10:42  Marine  
  153  10:44  Marauder  
  153  10:46  Viking  
  153  10:49  Viking  
  152  10:53  Marauder, Marine  
  150  10:57  Marine  
  150  10:59  Marauder  
  150  11:00  Marine  
  154  11:05  Marauder, Marine  
  154  11:10  Marine  
  158  11:11  Siege Tank  
  158  11:15  Marauder, Marine  
  158  11:18  Command Center  
  164  11:19  Marine x2  
  164  11:22  Medivac  
  167  11:31  Marauder  
  159  11:33  SCV x2  
  159  11:38  Marauder  
  145  11:40  SCV  
  145  11:43  Siege Tank  
  145  11:44  Marine  
  145  11:45  SCV, Marine x2  
  144  11:47  SCV  
  144  11:50  Marine  
  147  11:59  Marauder x2  
  150  12:04  Marine x3  
  153  12:12  Marauder  
  153  12:15  Marine  
  155  12:17  Viking  
  155  12:18  Viking  
  155  12:20  Marauder  
  162  12:23  Siege Tank  
  162  12:24  Marauder  
  162  12:27  Marine  
  162  12:28  Marine  
  162  12:29  Marine  
  168  12:33  Marauder  
  168  12:35  Missile Turret  
  171  12:39  Marine  
  171  12:40  Missile Turret  
  171  12:42  Missile Turret  
  171  12:43  Marauder  
  174  12:46  Marauder  
  174  12:50  SCV x3  
  179  12:51  Marine  
  179  12:52  Marine x2  
  179  12:58  Siege Tank, Viking  
  185  13:01  Viking  
  185  13:03  Marine  
  185  13:05  Marauder  
  191  13:08  Marauder, Marine  
  194  13:13  Marine x3  
  194  13:16  Ghost Academy  
  197  13:20  Planetary Fortress  
  197  13:26  Marine  
  198  13:30  Medivac  
  198  13:33  SCV  
  199  13:35  Marine x2  
  199  13:40  Engineering Bay  
  200  13:44  Armory  
  200  13:57  Command Center  
  200  14:04  Missile Turret  
  200  14:07  Sensor Tower  
  200  14:13  Ghost  
  198  14:19  Barracks  
  198  14:20  Barracks, Viking  
  198  14:21  Marine, Viking  
  198  14:22  Barracks  
  195  14:26  Marine x2  
  195  14:28  SCV  
  195  14:31  Ghost  
  200  14:41  Terran Infantry Armor Level 2, Terran Infantry Weapons Level 2  
  200  14:53  Missile Turret  
  200  14:55  Bunker  
  200  14:56  Terran Vehicle Weapons Level 1  
  199  15:04  Enhanced Shockwaves  
  200  15:21  Marauder  
  200  15:30  Bunker, Barracks Tech Lab x3  
  196  15:36  Command Center  
  196  15:37  Medivac x2, Command Center  
  200  15:58  Ghost  
  200  15:59  Sensor Tower  
  194  16:04  Ghost  
  194  16:05  Ghost  
  194  16:06  Ghost  
  200  16:16  Planetary Fortress  
  200  16:18  Missile Turret  
  200  16:27  Factory  
  199  16:40  Command Center  
  199  16:42  Starport  
  199  16:46  Ghost  
  198  16:50  Siege Tank  
  198  16:52  Marauder  
  200  16:57  Medivac  
  200  16:58  Ghost  
  200  16:59  Marine x2  
  200  17:00  Marine, Viking  
  189  17:04  Marine x2  
  189  17:05  Marauder x2  
  191  17:11  Orbital Command  
  191  17:12  Orbital Command, Marine  
  191  17:15  Refinery x2, Marine  
  192  17:16  SCV x2  
  192  17:17  Marine x2  
  195  17:23  Siege Tank  
  195  17:24  Bunker  
  190  17:31  Marine x2  
  190  17:34  Marauder  
  192  17:41  Marauder  
  192  17:43  Marauder, Marine  
  192  17:44  Marine  
  156  17:45  Marine  
  156  17:46  Marauder, Marine  
  156  17:49  Marine x2  
  138  17:55  Siege Tank  
  138  17:56  Marauder  
  129  17:59  Medivac  
  129  18:01  Factory Tech Lab, Marine x2  
  129  18:03  Marauder  
  129  18:04  Marauder, Marine x2  
  129  18:05  SCV x2  
  141  18:08  Marauder  
  141  18:09  Marine x2  
  145  18:16  Marine  
  145  18:19  Marine x2  
  142  18:22  Marauder  
  142  18:23  Marauder, Marine  
  142  18:25  Marauder  
  143  18:27  Marine  
  143  18:29  Marauder  
  140  18:35  Marauder  
  140  18:39  Marine x3  
  145  18:42  Marauder  
  145  18:43  Marauder  
  145  18:44  Marauder  
  145  18:45  Marine  
  145  18:46  Marine  
  145  18:50  Marine  
  140  18:56  Marine x3  
  140  18:58  Marine  
  144  19:03  Marauder, Marine  
  144  19:04  Marauder, Ghost x2  
  144  19:07  Ghost  
  155  19:10  Siege Tank  
  155  19:13  Marine  
  155  19:14  Marine x2  
  157  19:22  Marine x2  
Tags
 
Add a new tag
Caveats
  • Supply blocks, unpowered buildings, or Contaminate may cause inaccurate times.
  • Supply counts are checked every 10 seconds.